 Dungeon Crawl Stone Soup version 0.27.1-33-g824d729ab1 (webtiles) character file.

Game seed: 10551740449700820730

108 Destapler the Ruffian (level 4, 0/66 HPs)
             Began as a Troll Berserker on Dec 8, 2021.
             Was a Believer of Trog.
             Slain by a gnoll (9 damage)
             ... on level 3 of the Dungeon.
             The game lasted 00:03:25 (1315 turns).

Destapler the Ruffian (Troll Berserker)             Turns: 1315, Time: 00:03:26

Health: 0/66       AC:  4    Str: 25    XL:     4   Next: 58%
Magic:  0/3        EV: 10    Int:  3    God:    Trog [**....]
Gold:   36         SH:  0    Dex: 10    Spells: 3/3 levels left

rFire    . . .     SeeInvis .   i - +2 short sword (venom)
rCold    . . .     Faith    .   (no shield)
rNeg     . . .     Spirit   +   a - +0 animal skin
rPois    .         Reflect  .   (helmet restricted)
rElec    .         Harm     .   (no cloak)
rCorr    .         Rampage  .   (gloves unavailable)
Will     .....                  (boots unavailable)
Stlth    ..........             m - amulet of guardian spirit
HPRegen  1.21/turn              (no ring)
MPRegen  0.08/turn              (no ring)

@: berserking, very quick
A: large, unfitting armour, claws 3, regeneration 1, shaggy fur 1, tough skin 1
a: Renounce Religion, Berserk, Trog's Hand


You were on level 3 of the Dungeon.
You worshipped Trog.
Trog was pleased with you.
You visited 1 branch of the dungeon, and saw 3 of its levels.

You collected 36 gold pieces.

Inventory:

Hand Weapons
 i - a +2 short sword of venom (weapon)
Missiles
 b - 8 javelins (quivered)
Armour
 a - a +0 animal skin (worn)
Jewellery
 k - a ring of fire
 m - an amulet of guardian spirit (around neck)
 n - a ring of flight
Wands
 h - a wand of mindburst (14)
Scrolls
 c - 3 scrolls of identify {unknown}
 e - a scroll of enchant armour {unknown}
 f - a scroll of teleportation {unknown}
 g - a scroll of immolation
 l - a scroll of magic mapping {unknown}
Potions
 d - 2 potions of lignification {unknown}
 j - a potion of haste {unknown}
 o - a potion of heal wounds {unknown}


   Skills:
 + Level 2.9 Fighting
 + Level 1.5 Throwing
 + Level 1.3 Armour
 + Level 2.9 Dodging
 + Level 1.3 Shields
 - Level 3.0 Unarmed Combat


You had 3 spell levels left.
You didn't know any spells.
Your spell library was empty.

Dungeon Overview and Level Annotations

Branches:
Dungeon (3/15)

Altars:
Fedhas


Innate Abilities, Weirdness & Mutations

You are too large for most types of armour.
You have claws for hands.
Your natural rate of healing is unusually fast.
You are covered in fur. (AC +1)
You have tough skin. (AC +1)


Message History

Found a fuming white potion.
The gnoll shouts!
The gnoll hits you from afar with a +0 spear.
The gnoll moves out of view.
You hit the gnoll.
The gnoll is poisoned.
The gnoll is moderately wounded.
The gnoll hits you from afar with a +0 spear!
The gnoll hits you with a +0 flail of protection!
You hit the gnoll.
The gnoll looks as sick as possible!
The gnoll is heavily wounded.
The gnoll hits you with a +0 flail of protection.
The gnoll hits you from afar with a +0 spear.
The gnoll closely misses you.
You puncture the gnoll!
You kill the gnoll!
Trog accepts your kill.
The gnoll hits you from afar with a +0 spear.
The gnoll closely misses you.
A red film seems to cover your vision as you go berserk!
You feel yourself moving faster!
You feel mighty! The gnoll hits you with a +0 club.
The gnoll hits you from afar with a +0 spear.
The gnoll closely misses you.
You barely miss the gnoll.
The gnoll hits you from afar with a +0 spear.
The gnoll hits you from afar with a +0 halberd!
* * * LOW HITPOINT WARNING * * *
You puncture the gnoll!
The gnoll is almost dead.
The gnoll closely misses you.
You puncture the gnoll!
You kill the gnoll!
Trog accepts your kill. The gnoll barely misses you.
The gnoll hits you from afar with a +0 halberd!
* * * LOW HITPOINT WARNING * * *
You are too injured to fight recklessly!
You are too injured to fight recklessly!
Found 16 sling bullets.
The gnoll hits you with a +0 spear!
You die...

#.# #.##.#.#.# ###
.#.#####.# #.##.#.#.#
.........# #.##.#.#.#
.......>.###.##<..#.#
.#######....#...###.#
#.###.##.# #.#
#.##.#.#.# #.#
#.#.###.# ..# #.#.
#@#[# #....gg......#
#.#.#!##.###.# ... ..
... ... .## .... .#
#. ...#(# # #.## #


You could see 2 gnolls.

Vanquished Creatures
  2 gnolls (D:3)
  3 adders (D:2)
  A worm (D:2)
  A dart slug (D:2)
  A ball python (D:1)
  9 endoplasms
  5 giant cockroaches
  5 goblins
  6 hobgoblins
  A quokka (D:1)
  6 bats
  3 frilled lizards
  7 kobolds
  4 rats
54 creatures vanquished.

Notes
Turn   | Place    | Note
-------+----------+-------------------------------------------
     0 | D:1      | Destapler the Troll Berserker began the quest for the Orb.
     0 | D:1      | Reached XP level 1. HP: 22/22 MP: 0/0
   121 | D:1      | Reached XP level 2. HP: 28/29 MP: 1/1
   360 | D:1      | Reached ** piety under Trog
   466 | D:2      | Reached XP level 3. HP: 36/36 MP: 2/2
   524 | D:2      | Reached skill level 1 in Throwing
   552 | D:2      | Found a faded altar of an unknown god.
   594 | D:2      | Reached skill level 1 in Armour
   604 | D:2      | Reached skill level 1 in Shields
   807 | D:2      | Reached XP level 4. HP: 44/44 MP: 3/3
   851 | D:2      | Found a blossoming altar of Fedhas.
  1315 | D:3      | Slain by a gnoll

Illustrated notes

Levels and vault maps discovered:
D:1:      roderic_chinese_lattice_arrival, layout_rooms
D:2:      layout_basic, basic_altar, hellmonk_ecumenical_altar_blasted,
          kennysheep_generic_room_14
D:3:      layout_loops_ring, kennysheep_generic_room_13

Skill      XL: |  1  2  3 |
---------------+----------+-----
Throwing       | 1 |  1.5
Armour         | 1 |  1.3
Shields        | 1 |  1.3
Fighting       | |  2.9
Dodging        | |  2.9
Unarmed Combat | |  3.0

Action                   |  1- 3 |  4- 6 || total
-------------------------+-------+-------++-------
Melee: Unarmed           |    83 |       ||    83
       Punch             |     1 |     2 ||     3
       Short sword       |    21 |    18 ||    39
Throw: Javelin           |     2 |       ||     2
Invok: Berserk           |       |     1 ||     1
 Stab: Sleeping          |     1 |       ||     1
Armor: Animal skin       |    48 |     4 ||    52
Dodge: Dodged            |    78 |    11 ||    89
